Map: Lerilak Crest

Players

RaymondFish

  • Race: Zerg Zerg
  • League: Platinum

LilDicky - Winner!

  • Race: Terran Terran
  • League: Diamond

VOD

http://www.twitch.tv/tumescentpie

Description

Time

  • Played on: Dec. 6, 2015, 11:18 p.m.
  • Length: 12:27
Show
View Real Time Build Order
Export as new Build Order

RaymondFish Zerg 

Build Orders: Hatch First 

Get SALT Encoding   

  12  0:01  Drone  
  13  0:12  Overlord  
  13  0:17  Drone  
  14  0:31  Drone x2  
  14  0:35  Drone  
  17  0:54  Hatchery  
  16  0:57  Drone  
  16  1:01  Drone  
  18  1:04  Extractor  
  17  1:17  Spawning Pool  
  16  1:20  Drone  
  17  1:30  Drone x2  
  19  1:40  Overlord  
  19  1:56  Drone  
  20  2:05  Queen  
  20  2:06  Queen  
  20  2:08  Zergling x2  
  25  2:14  Metabolic Boost  
  25  2:21  Zergling x2  
  26  2:27  Drone x2  
  28  2:36  Zergling x2  
  28  2:37  Zergling x4  
  31  2:47  Drone  
  31  2:48  Overlord  
  32  3:03  Drone x3  
  35  3:15  Drone x3  
  35  3:16  Drone x4  
  42  3:21  Lair  
  42  3:25  Overlord  
  42  3:36  Baneling Nest  
  42  3:37  Drone, Extractor  
  42  3:38  Drone x2  
  42  3:39  Drone  
  44  3:54  Extractor  
  43  3:56  Extractor  
  43  4:01  Hatchery  
  41  4:04  Zergling x10  
  46  4:10  Overlord  
  46  4:26  Drone x5, Spire  
  46  4:27  Drone  
  46  4:30  Drone  
  52  4:36  Queen  
  51  4:47  Drone x2  
  51  4:48  Drone x3  
  54  4:54  Zergling x4  
  54  4:55  Zergling x4  
  56  5:01  Zergling x6  
  54  5:28  Drone x3  
  54  5:42  Mutalisk  
  54  5:44  Mutalisk  
  52  5:50  Mutalisk x2  
  53  5:58  Mutalisk  
  55  6:21  Mutalisk  
  55  6:33  Zergling x6  
  54  6:40  Overlord x2  
  54  6:41  Overlord x2  
  51  6:59  Zergling x6  
  51  7:01  Queen  
  54  7:12  Zergling x2  
  19  7:43  Zergling x6  
  22  7:49  Hatchery, Extractor  
  20  7:53  Extractor  
  16  8:55  Hatchery  
  13  9:34  Spawning Pool  
  11  10:26  Zergling x6  
  11  10:27  Zergling x12  
  20  10:41  Zergling x8  
  24  10:46  Queen  
  26  11:01  Baneling Nest  
  26  11:02  Spawning Pool  
  17  11:51  Hatchery  
Show
View Real Time Build Order
Export as new Build Order

LilDicky Terran - Winner!

Build Orders: Liberator Opening 

Get SALT Encoding   

  12  0:01  SCV  
  13  0:13  SCV  
  14  0:20  Supply Depot  
  14  0:25  SCV  
  15  0:32  Refinery  
  15  0:41  SCV  
  16  0:49  Barracks  
  16  0:59  SCV  
  17  1:11  SCV  
  17  1:17  Refinery  
  19  1:35  Orbital Command  
  19  1:36  Supply Depot  
  18  1:40  Factory  
  18  1:44  Marine  
  19  2:05  SCV  
  19  2:08  Supply Depot, Barracks Reactor  
  20  2:17  SCV  
  21  2:31  SCV  
  21  2:35  Factory Tech Lab  
  22  2:39  Armory  
  22  2:42  Starport  
  22  2:43  SCV  
  22  2:49  Marine  
  22  2:50  Marine  
  24  2:55  SCV  
  25  3:06  Marine  
  25  3:08  Marine  
  25  3:10  SCV  
  28  3:22  SCV  
  29  3:27  Thor  
  35  3:35  Marine x2  
  35  3:36  Medivac  
  39  3:44  Supply Depot  
  39  3:49  Liberator  
  39  4:05  SCV, Marine x2  
  39  4:08  Supply Depot  
  45  4:19  SCV  
  46  4:24  Supply Depot, Marine  
  46  4:29  Marine  
  46  4:30  Supply Depot  
  48  4:31  SCV  
  49  4:39  Liberator  
  49  4:54  SCV  
  49  4:59  Thor  
  59  5:06  SCV  
  60  5:22  Liberator  
  60  5:26  SCV  
  64  6:01  SCV  
  65  6:07  Engineering Bay  
  65  6:08  Command Center, Thor  
  65  6:11  Supply Depot  
  71  6:13  Supply Depot  
  71  6:15  Supply Depot  
  71  6:26  Marine  
  71  6:27  SCV  
  70  6:39  SCV  
  71  6:56  SCV  
  72  7:08  SCV  
  72  7:47  SCV, Missile Turret  
  72  7:49  Missile Turret  
  73  8:12  Medivac  
  75  8:13  Planetary Fortress  
  75  8:17  Command Center  
  75  8:34  Marine  
  75  8:36  Thor  
  78  9:09  Medivac  
  80  9:10  Marine  
  80  9:13  SCV  
  80  9:17  Marine  
  82  9:25  SCV  
  82  9:27  Marine  
  82  9:28  Command Center  
  84  9:55  Hi-Sec Auto Tracking  
  84  10:15  SCV  
  84  10:16  Refinery  
  84  10:17  Refinery, Missile Turret  
  85  10:28  SCV  
  86  10:37  Marine x2  
  86  10:40  Missile Turret  
  88  10:50  Command Center  
  88  10:51  Command Center  
  88  10:52  Siege Tank  
  88  10:53  Command Center  
  91  10:58  Factory x2  
  91  10:59  Factory  
  91  11:03  Command Center  
  89  11:21  Marine x2  
  91  11:34  Command Center  
  91  11:37  Planetary Fortress  
  91  11:39  Marine  
  92  11:40  Marine  
  92  11:43  Factory Tech Lab  
  92  11:44  Factory Tech Lab x2  
  92  11:57  Marine  
Tags
 
Add a new tag
Caveats
  • Supply blocks, unpowered buildings, or Contaminate may cause inaccurate times.
  • Supply counts are checked every 10 seconds.